AoeStats
← 文風

Arena

506363677Analyzed
1v1 RM · 18d ago on Sep 13, 2026· 39m 57s· 2 players
Game mode
Random Map
Map size
Tiny (2 player)
Population
200
Speed
Normal
Resources
Standard
Victory
Conquest
Starting age
Dark Age
Ending age
Imperial Age
RankedLock teamsTeams togetherTeam positionsShared explorationLock speedFull tech treeHidden civsTurbo modeCheats
Victory
Defeat
🇭🇰 Turks · Hong Kong SAR China
1419
+14
🇨🇳 Turks · China
1374
-14
Rubi2007
10:58 Feudal Age
11:45 Double-Bit Axe
12:14 Horse Collar
14:51 Castle Age
13:51 Loom
16:07 Stone Mining
16:42 Bow Saw
19:26 Heavy Plow
21:41 Gold Mining
22:35 Wheelbarrow
26:55 Imperial Age
25:29 Masonry
25:23 Fletching
26:59 Scale Barding Armor
27:51 Gold Shaft Mining
27:04 Town Watch
27:39 Hand Cart
27:37 Bloodlines
28:25 Chain Barding Armor
28:59 Atonement
29:11 Redemption
29:29 Husbandry
29:26 Cavalier
33:39 Plate Barding Armor
文風
12:03 Feudal Age
15:51 Castle Age
13:50 Double-Bit Axe
15:47 Gold Mining
22:47 Imperial Age
20:57 Horse Collar
22:35 Padded Archer Armor
22:49 Padded Archer Armor
24:19 Wheelbarrow
25:09 Leather Archer Armor
28:01 Ring Archer Armor
29:42 Bow Saw
29:35 Heavy Plow
33:34 Elite Janissary
39:29 Conscription
Connection lost

Rejoining the realm…

Still unreachable

The connection could not be restored.

Session expired

The server has moved on; the page needs a fresh start.